AoeStats
← ToBad_Kueltruhe

Highland

505985112Analyzed
4v4 RM · 19d ago on Sep 11, 2026· 47m 30s· 8 players
Game mode
Random Map
Map size
Large (8 player)
Population
200
Speed
Normal
Resources
Standard
Victory
Conquest
Starting age
Dark Age
Ending age
Imperial Age
RankedLock teamsTeams togetherTeam positionsShared explorationLock speedFull tech treeHidden civsTurbo modeCheats
Victory
Defeat
🇩🇪 Japanese · Germany
867
+12
🇩🇪 Slavs · Germany
844
+13
🇺🇸 Turks · United States
785
+15
🇧🇷 Romans · Brazil
754
+17
🇳🇴 Byzantines · Norway
813
-16
🇹🇷 Lithuanians · Türkiye
810
-16
🇩🇪 Huns · Germany
755
-13
🇩🇪 Britons · Germany
708
-12
ToBad_Kueltruhe
12:55 Feudal Age
17:16 Double-Bit Axe
20:25 Loom
23:34 Castle Age
22:04 Padded Archer Armor
25:06 Fletching
25:48 Bodkin Arrow
26:28 Crossbowman
33:05 Leather Archer Armor
35:52 Town Watch
38:41 Imperial Age
36:52 Pikeman
37:47 Forging
41:47 Conscription
41:37 Gambesons
41:54 Squires
41:59 Scale Mail Armor
42:34 Iron Casting
42:31 Ring Archer Armor
42:02 Bracer
45:18 Yeomen
44:29 Man-at-Arms
riskmanager19
6:00 Loom
10:41 Feudal Age
11:32 Double-Bit Axe
12:28 Horse Collar
21:29 Castle Age
19:50 Stone Mining
22:44 Bow Saw
25:01 Wheelbarrow
24:32 Heavy Plow
24:25 Fletching
24:36 Padded Archer Armor
25:33 Stone Shaft Mining
25:44 Bodkin Arrow
26:42 Forging
26:51 Gold Mining
28:28 Hand Cart
29:16 Leather Archer Armor
29:37 Iron Casting
29:14 Scale Barding Armor
30:08 Gold Shaft Mining
35:45 Imperial Age
33:21 Husbandry
37:00 Chain Barding Armor
36:42 Bracer
36:40 Heavy Camel Rider
40:31 Plate Barding Armor
41:57 Crop Rotation
42:15 Ballistics
42:56 Chemistry
41:37 Treadmill Crane
42:11 Fortified Wall
43:37 Scale Mail Armor
44:00 Conscription
44:08 Squires
43:28 Pikeman
43:56 Arson
44:23 Greek Fire
44:41 Halberdier
46:24 Chain Mail Armor
hardrock
10:42 Feudal Age
11:24 Double-Bit Axe
11:21 Horse Collar
15:10 Gold Mining
20:47 Castle Age
21:41 Loom
23:05 Stone Mining
23:42 Bow Saw
24:55 Scale Mail Armor
25:06 Forging
25:02 Scale Barding Armor
28:41 Imperial Age
28:38 Squires
27:59 Pikeman
29:05 Chain Barding Armor
28:51 Husbandry
32:43 Two-Man Saw
31:45 Heavy Plow
32:24 Stone Shaft Mining
33:06 Wheelbarrow
34:07 Halberdier
34:32 Cavalier
34:54 Capped Ram
35:03 Capped Ram
36:35 Hand Cart
40:02 Chemistry
39:23 Ballistics
40:52 Conscription
43:53 Plate Barding Armor
43:54 Iron Casting
43:36 Chain Mail Armor
44:34 Fletching
44:44 Padded Archer Armor
Maxen1988
14:04 Feudal Age
14:51 Horse Collar
14:59 Double-Bit Axe
16:16 Wheelbarrow
22:42 Castle Age
24:38 Hand Cart
26:22 Bow Saw
26:14 Heavy Plow
27:03 Scale Barding Armor
27:00 Gold Mining
29:00 Town Watch
29:10 Stone Mining
30:44 Husbandry
30:55 Bloodlines
36:08 Forging
36:19 Chain Barding Armor
38:39 Imperial Age
40:24 Iron Casting
41:16 Plate Barding Armor
42:32 Capped Ram
44:10 Cavalier
45:58 Blast Furnace
44:44 Siege Ram
_marcus_
11:16 Feudal Age
12:10 Horse Collar
12:21 Double-Bit Axe
15:12 Wheelbarrow
16:39 Stone Mining
19:06 Gold Mining
23:00 Castle Age
21:26 Bloodlines
21:28 Scale Barding Armor
21:35 Forging
25:14 Gold Shaft Mining
27:01 Hand Cart
27:47 Heavy Plow
28:11 Caravan
29:15 Husbandry
32:42 Imperial Age
32:47 Chain Barding Armor
33:54 Iron Casting
34:38 Conscription
36:04 Elite Boyar
39:28 Squires
38:49 Pikeman
40:20 Bow Saw
42:02 Plate Barding Armor
41:30 Scale Mail Armor
43:39 Two-Man Saw
43:42 Blast Furnace
42:29 Capped Ram
44:08 Druzhina
JustintimeHi
1:44 Loom
12:48 Feudal Age
14:36 Loom
19:42 Castle Age
19:15 Double-Bit Axe
19:24 Horse Collar
21:24 Bow Saw
25:27 Fletching
25:38 Padded Archer Armor
25:48 Forging
26:41 Heavy Plow
30:00 Wheelbarrow
31:33 Scale Barding Armor
33:06 Scale Mail Armor
34:00 Iron Casting
35:12 Squires
38:52 Hand Cart
41:11 Imperial Age
43:01 Blast Furnace
44:04 Bodkin Arrow
44:31 Chain Barding Armor
46:39 Capped Ram
47:42 Husbandry
47:53 Bloodlines
DE 2xN IS
14:17 Feudal Age
16:20 Double-Bit Axe
16:15 Horse Collar
19:46 Castle Age
23:15 Stone Mining
31:40 Bow Saw
31:31 Gold Mining
34:22 Gold Shaft Mining
37:23 Imperial Age
36:24 Wheelbarrow
35:35 Loom
35:35 Town Watch
37:41 Hand Cart
37:27 Town Patrol
37:45 Elite Samurai
38:50 Conscription
39:07 Forging
38:58 Scale Mail Armor
40:29 Two-Man Saw
39:39 Heavy Plow
41:29 Iron Casting
41:10 Chain Mail Armor
43:58 Blast Furnace
47:21 Plate Mail Armor
46:54 Caravan
Caduzera
11:08 Feudal Age
13:11 Double-Bit Axe
13:07 Horse Collar
13:21 Gold Mining
20:39 Castle Age
19:42 Stone Mining
23:57 Caravan
25:28 Gold Shaft Mining
25:23 Bow Saw
27:20 Town Watch
28:11 Wheelbarrow
32:09 Imperial Age
29:54 Ballistas
33:57 Heavy Scorpion
38:27 Chemistry
37:48 Ballistics
42:48 Elite Centurion
47:28 Comitatenses
Connection lost

Rejoining the realm…

Still unreachable

The connection could not be restored.

Session expired

The server has moved on; the page needs a fresh start.